 Dungeon Crawl Stone Soup version 0.26-a0-451-gacbe401039 (webtiles) character file.

Game seed: 13005846400090208006

350 Conn the Sneak (level 6, -1/38 HPs)
             Began as an Octopode Hedge Wizard on July 28, 2020.
             Was a Follower of Vehumet.
             Shot with an arrow by a centaur (11 damage)
             ... on level 5 of the Dungeon.
             The game lasted 00:16:00 (3787 turns).

Conn the Sneak (Octopode Hedge Wizard)              Turns: 3787, Time: 00:16:00

Health: -1/38      AC:  1    Str:  9    XL:     6   Next: 60%
Magic:  16/21      EV: 14    Int: 18    God:    Vehumet [*.....]
Gold:   122        SH:  0    Dex: 12    Spells: 2/13 levels left

rFire    . . .     SeeInvis .   h - +1 dagger (protect)
rCold    . . .     Faith    .   (no shield)
rNeg     . . .     Spirit   .   b - +0 hat
rPois    .         Reflect  .   r - amulet of magic regeneration
rElec    .         Harm     .   l - ring of magical power
rCorr    +                      o - ring of resist corrosion
MR       .....                  (no ring)
Stlth    ++++......             (no ring)
HPRegen  0.12/turn              (no ring)
MPRegen  0.42/turn              (no ring)
                                (no ring)
                                (no ring)

@: mighty, hasted, very quick
A: almost no armour, stealthy swim, amphibious, 8 rings, constrict 8, camouflage
1, gelatinous body 1
a: Renounce Religion


You were on level 5 of the Dungeon.
You worshipped Vehumet.
Vehumet was aware of your devotion.
You visited 1 branch of the dungeon, and saw 5 of its levels.

You collected 122 gold pieces.

Inventory:

Hand Weapons
 a - a +0 dagger
 f - a +0 dagger
 h - a +1 dagger of protection (weapon)
 n - a +4 dagger of venom
Missiles
 i - 46 sling bullets
 k - 13 poisoned darts (quivered)
Armour
 b - a +0 hat (worn)
Jewellery
 l - a ring of magical power (left tentacle)
 o - a ring of resist corrosion (right tentacle)
 p - an uncursed ring of ice
 r - an amulet of magic regeneration (around mantle)
Scrolls
 d - a scroll of remove curse
 m - a scroll of fear {unknown}
 q - a scroll of fog {unknown}
 s - a scroll of identify {unknown}
 t - a scroll of acquirement {unknown}
Potions
 e - a potion of haste


   Skills:
 + Level 1.2 Fighting
 + Level 2.4 Short Blades
 + Level 2.9 Dodging
 + Level 6.0 Stealth
 + Level 4.1 Spellcasting
 + Level 1.5 Conjurations
 + Level 1.2 Summonings
 + Level 1.0 Translocations


You had 2 spell levels left.
You knew the following spells:

 Your Spells              Type           Power        Failure   Level
a - Magic Dart            Conj           #...         8%          1
b - Blink                 Tloc           N/A          14%         2
c - Call Imp              Summ           #.......     13%         2
d - Conjure Flame         Conj/Fire      #.......     32%         3
e - Mephitic Cloud        Conj/Pois/Air  #.......     34%         3

Your spell library contained the following spells:

 Spells                   Type           Power        Failure   Level
 Shock                    Conj/Air       #...         11%         1
 Slow                     Hex            #.......     22%         2


Dungeon Overview and Level Annotations

Branches:
Dungeon (5/15)
 Temple: D:4-7

Altars:
Elyvilon
Fedhas
Trog
Vehumet
Wu Jian

Annotations:
D:5 Prince Ribbit


Innate Abilities, Weirdness & Mutations

You cannot wear most types of armour.
You are very stealthy in the water. (Stealth+)
You are amphibious.
You can wear up to eight rings at the same time.
You can use your tentacles to constrict eight enemies at once.
Your skin changes colour to match your surroundings (Stealth+).
Your rubbery body absorbs attacks. (AC +1, EV +1)


Message History

Your crimson imp hits the centaur zombie.
The centaur shoots an arrow.
The arrow barely misses your crimson imp.
The arrow hits the centaur zombie.
The centaur zombie barely misses your crimson imp.
The centaur shoots an arrow.
The arrow hits your crimson imp but does no damage.
Your crimson imp hits the centaur zombie but does no damage.
The centaur zombie barely misses your crimson imp.
The centaur shoots an arrow.
The arrow barely misses your crimson imp.
The arrow hits the centaur zombie!
The centaur zombie is destroyed!
The centaur shoots an arrow.
The arrow hits you!
* * * LOW HITPOINT WARNING * * *
You see here 7 arrows.
Okay, then.
Okay, then.
The centaur shoots an arrow.
The arrow hits you!
You die...

### #(## .##
#.(# #....
##.(#......
#..@5......
#......####
......c..#
.............
##.........###
#..........#
....##......
#... ........


You could see a centaur and a friendly crimson imp (summoned).

Vanquished Creatures
  A hound (D:3)
  An orc wizard (D:3)
  Ijyb (D:4)
  2 worker ants (D:4)
  4 gnolls (D:2)
  3 adders
  An ooze (D:2)
  A worm (D:2)
  4 dart slugs
  4 leopard geckos
  4 orcs (D:3)
  2 giant cockroaches
  13 goblins
  8 hobgoblins
  2 jackals (D:3)
  2 quokkas (D:2)
  2 ball pythons
  3 bats
  3 frilled lizards
  3 kobolds
  6 rats
70 creatures vanquished.

Vanquished Creatures (collateral kills)
  An orc priest (D:3)
  An orc wizard (D:3)
  Robin (D:4)
  A gnoll (D:4)
  6 orcs
  6 goblins (D:4)
  A hobgoblin (D:4)
  A rat (D:3)
18 creatures vanquished.

Vanquished Creatures (others)
  A centaur zombie (D:5)
1 creature vanquished.

Grand Total: 89 creatures vanquished

Notes
Turn   | Place    | Note
-------+----------+-------------------------------------------
     0 | D:1      | Conn the Octopode Hedge Wizard began the quest for the Orb.
     0 | D:1      | Reached XP level 1. HP: 11/11 MP: 4/4
   344 | D:1      | Reached XP level 2. HP: 14/17 MP: 0/6
   642 | D:1      | Reached skill level 3 in Stealth
  1061 | D:2      | Reached XP level 3. HP: 19/21 MP: 7/7
  1560 | D:2      | Learned a level 2 spell: Blink
  1563 | D:2      | Learned a level 2 spell: Call Imp
  1567 | D:2      | Learned a level 3 spell: Conjure Flame
  1718 | D:2      | Reached XP level 4. HP: 27/27 MP: 9/9
  1762 | D:2      | Reached skill level 4 in Stealth
  1770 | D:2      | Reached skill level 1 in Short Blades
  2085 | D:3      | Reached XP level 5. HP: 32/32 MP: 10/10
  2113 | D:3      | Reached skill level 1 in Fighting
  2602 | D:3      | Found a radiant altar of Vehumet.
  2799 | D:3      | Became a worshipper of Vehumet
  2901 | D:3      | Found a white marble altar of Elyvilon.
  3070 | D:3      | Reached skill level 5 in Stealth
  3292 | D:3      | Learned a level 3 spell: Mephitic Cloud
  3296 | D:4      | Reached XP level 6. HP: 38/38 MP: 12/12
  3362 | D:4      | Noticed Ijyb
  3391 | D:4      | Noticed Robin
  3403 | D:4      | Killed Ijyb
  3407 | D:4      | Reached * piety under Vehumet
  3407 | D:4      | Offered knowledge of Shock by Vehumet.
  3412 | D:4      | Killed Robin
  3421 | D:4      | Found an ornate altar of the Wu Jian Council.
  3421 | D:4      | Found a bloodstained altar of Trog.
  3455 | D:3      | Reached skill level 6 in Stealth
  3563 | D:5      | Entered Level 5 of the Dungeon
  3699 | D:5      | Found a blossoming altar of Fedhas.
  3701 | D:5      | Noticed Prince Ribbit
  3787 | D:5      | Shot with an arrow by a centaur

Illustrated notes

Levels and vault maps discovered:
D:1:      roderic_dead_forest, layout_loops_ring
D:2:      layout_rooms, serial_curves, eino_curves_03, eino_curves_02,
          eino_curves_02, chequers_serial_rivers_marsh
D:3:      layout_loops_cross, lemuel_round_altar, vehumet_crystals,
          minmay_quantized
D:4:      layout_basic, chequers_temple_overflow_statue_of_worship,
          serial_glass, glass_columns_c, glass_columns_b, glass_columns_b,
          glass_columns_b, glass_columns_a, glass_columns_a,
          cheibriados_altar_1, uniq_natasha, uniq_robin, uniq_ijyb
D:5:      layout_rooms, minmay_temple_entry_slanted, basic_altar, serial_shops,
          kennysheep_mini_moat, uniq_prince_ribbit1

Skill      XL: |  1  2  3  4  5  6 |
---------------+-------------------+-----
Stealth        | 3 4 5 6 |  6.0
Short Blades   | 1 2 |  2.4
Fighting       | 1 |  1.2
Spellcasting   | 4 |  4.1
Dodging        | |  2.9
Conjurations   | |  1.5
Summonings     | |  1.2
Translocations | |  1.0

Action                   |  1- 3 |  4- 6 || total
-------------------------+-------+-------++-------
Melee: Dagger            |    63 |   110 ||   173
       Constrict         |    16 |    22 ||    38
       Tentacles         |    10 |    16 ||    26
 Cast: Magic Dart        |    39 |    16 ||    55
       Call Imp          |       |    11 ||    11
       Blink             |       |     1 ||     1
  Use: Potion            |     2 |     4 ||     6
       Scroll            |       |     2 ||     2
 Stab: Sleeping          |     5 |    12 ||    17
       Distracted        |       |     1 ||     1
Armor: Skin              |     7 |    36 ||    43
Dodge: Dodged            |    37 |    69 ||   106

Table legend: (Time is in decaauts)
 A = Elapsed time spent in this place.
 B = Non-inter-level travel time spent in this place.
 C = Inter-level travel time spent in this place.
 D = Time resting spent in this place.
 E = Time spent auto-exploring this place.
 F = Levels seen in this place.
 G = Mean time per level.
                   A        B        C        D        E       F      G
               +--------+--------+--------+--------+--------+-----+--------+
         Total |   3759 |   3687 |     72 |    795 |   1706 |   5 |  751.8 |
       Dungeon |   3759 |   3687 |     72 |    795 |   1706 |   5 |  751.8 |
               +--------+--------+--------+--------+--------+-----+--------+

Top non-repeatable levels by time:
     D:1: 1263 daAuts
     D:3: 1208 daAuts
     D:2: 886 daAuts
     D:5: 221 daAuts
     D:4: 179 daAuts
